 Dungeon Crawl Stone Soup version 0.24.0-2-g5b39cebb1c (webtiles) character file.

Game seed: 18381424577361984373, levelgen mode: deterministic

51 Lanoc the Skirmisher (level 3, 0/30 HPs)
             Began as a Vampire Wanderer on Oct 31, 2019.
             Succumbed to an adder's poison
             ... on level 2 of the Dungeon.
             The game lasted 00:02:53 (422 turns).

Lanoc the Skirmisher (Vampire Wanderer)              Turns: 422, Time: 00:02:53

Health: 0/30       AC:  5    Str: 10    XL:     3   Next: 58%
Magic:  3/3        EV: 11    Int: 17    God:
Gold:   23         SH:  0    Dex: 12    Spells: 2/2 levels left

rFire    . . .     SeeInvis +   (no weapon)
rCold    . . .     Gourm    .   (no shield)
rNeg     . . .     Faith    .   c - +0 ring mail
rPois    .         Spirit   .   (no helmet)
rElec    .         Reflect  .   (no cloak)
rCorr    .         Harm     .   (no gloves)
MR       .....                  (no boots)
Stlth    +.........             (no amulet)
HPRegen  0.30/turn              (no ring)
MPRegen  0.08/turn              (no ring)

@: lethally poisoned (0 -> -3), regenerating quickly
A: no food, fangs 3, see invisible, unbreathing
a: Exsanguinate


You were on level 2 of the Dungeon.
You were alive.

You visited 1 branch of the dungeon, and saw 2 of its levels.

You collected 23 gold pieces.

Inventory:

Hand Weapons
 a - a +2 shortbow
Armour
 c - a +0 ring mail (worn)
Scrolls
 e - a scroll of immolation {unknown}
 g - 4 scrolls of teleportation {unknown}
 h - a scroll of identify {unknown}
 i - a scroll of remove curse {unknown}
Potions
 d - 2 potions of lignification
 f - a potion of might {unknown}
 j - a potion of degeneration {unknown}


   Skills:
 + Level 4.3 Fighting
 - Level 2.4 Bows
 - Level 1.0 Throwing
 - Level 1.0 Armour
 + Level 2.4 Dodging
   Level 1.0 Evocations


You had 2 spell levels left.
You didn't know any spells.
Your spell library was empty.

Dungeon Overview and Level Annotations

Branches:
Dungeon (2/15)

Altars:


Innate Abilities, Weirdness & Mutations

You do not eat.
Your natural rate of healing is unusually fast.
You have razor-sharp teeth.
You have supernaturally acute eyesight. (SInv)
You can survive without breathing.


Message History

You kill the adder!
* * * LOW HITPOINT WARNING * * *
You feel sick.
Keep bloodletting?
* * * LOW HITPOINT WARNING * * *
You feel sick.
You begin bloodletting.
You continue bloodletting.
* * * LOW HITPOINT WARNING * * *
You feel sick.
You continue bloodletting.
* * * LOW HITPOINT WARNING * * *
You feel sick.
You continue bloodletting.
* * * LOW HITPOINT WARNING * * *
You feel sick.
You continue bloodletting.
* * * LOW HITPOINT WARNING * * *
You feel sick.
You continue bloodletting.
You die...

.......)<..#.(.(.
##...(......#
#..........##.#
#(.....†......#
#.........###.#
#...(.....###...
#####......(........
#....(.............
###.@#.####....#
#(.((.# #...#
.....(##!# [...
#.....# #... ##>
#(...# ...... #.#$.
.####... #?.. # #.
...


There were no monsters in sight!

Vanquished Creatures
  A gnoll (D:1)
  An adder (D:2)
  A worm (D:2)
  A dart slug (D:1)
  A leopard gecko (D:1)
  2 giant cockroaches (D:1)
  2 goblins (D:1)
  3 hobgoblins
  7 kobolds
  5 bats
  3 rats
27 creatures vanquished.

Notes
Turn   | Place    | Note
-------+----------+-------------------------------------------
     0 | D:1      | Lanoc the Vampire Wanderer began the quest for the Orb.
     0 | D:1      | Lanoc set off with the following items: a +2 shortbow, 27
                  | arrows, a +0 ring mail, a potion of lignification
     0 | D:1      | Reached XP level 1. HP: 18/18 MP: 1/1
    61 | D:1      | Reached skill level 1 in Dodging
    61 | D:1      | Reached XP level 2. HP: 22/25 MP: 2/2
   123 | D:1      | Reached skill level 4 in Fighting
   250 | D:1      | Reached XP level 3. HP: 30/30 MP: 3/3
   421 | D:2      | HP: 1/30 [poisoned by an adder]
   422 | D:2      | Succumbed to an adder's poison

Levels and vault maps discovered:
D:1:      nzn_arrival_depleted_hourglass, layout_loops_ring
D:2:      layout_rooms, nicolae_overflow_crystal_walls, lemuel_doored_altar,
          old_standard_altar

Skill      XL: |  1  2 |
---------------+-------+-----
Dodging        | 1 2 |  2.4
Fighting       | 4 |  4.3
Bows           | |  2.4
Throwing       | |  1.0
Armour         | |  1.0
Evocations     | |  1.0

Action                   || total
-------------------------++-------
Melee: Unarmed           ||    26
       Bite              ||     1
 Fire: Shortbow          ||    71
 Abil: Exsanguinate      ||     1
Armor: Ring mail         ||    26
Dodge: Dodged            ||    34
